 Dungeon Crawl Stone Soup version 0.23-a0-650-ga4d50d4d25 (webtiles) character file.

142 Adamkad1 the Skirmisher (level 5, 0/42 HPs)
             Began as a Formicid Abyssal Knight on Jan 4, 2019.
             Was a Believer of Lugonu.
             Succumbed to an orc wizard's poison
             ... on level 2 of the Dungeon.
             The game lasted 00:02:35 (2176 turns).

Adamkad1 the Skirmisher (Formicid Abyssal Knight)   Turns: 2176, Time: 00:02:35

Health: 0/42       AC:  8    Str: 18    XL:     5   Next: 50%
Magic:  7/7        EV:  7    Int: 11    God:    Lugonu [**....]
Gold:   45         SH:  0    Dex: 10    Spells: 4/4 levels left

rFire    . . .     SeeInvis +   a - +1 hand axe
rCold    . . .     Gourm    .   (no shield)
rNeg     . . .     Faith    .   e - +0 chain mail
rPois    .         Spirit   .   (helmet unavailable)
rElec    .         Reflect  .   (no cloak)
rCorr    .         Harm     .   (no gloves)
MR       .....                  (no boots)
Stlth    ..........             (no amulet)
HPRegen  0.14/turn              (no ring)
MPRegen  0.10/turn              (no ring)

@: lethally poisoned (0 -> -17), heavily drained
A: permanent stasis, dig shafts and tunnels, four strong arms, antennae 3
a: Dig, Shaft Self, Depart the Abyss, Bend Space, Renounce Religion


You were on level 2 of the Dungeon.
You worshipped Lugonu.
Lugonu was pleased with you.
You were not hungry.

You visited 1 branch of the dungeon, and saw 2 of its levels.
You visited the Abyss 1 time.

You collected 45 gold pieces.

Inventory:

Hand Weapons
 a - a +1 hand axe (weapon)
Armour
 b - a +0 leather armour
 e - a +0 chain mail (worn)
Scrolls
 f - 4 scrolls of random uselessness {unknown}
 g - a scroll of identify {unknown}
 h - a scroll of enchant weapon {unknown}
Comestibles
 c - 4 rations


   Skills:
 * Level 4.2(2.9) Fighting
 + Level 2.6(1.3) Axes
 * Level 3.3(2.1) Armour
 + Level 1.6(0.4) Dodging
 * Level 3.6(2.4) Invocations


You had 4 spell levels left.
You didn't know any spells.
Your spell library was empty.

Dungeon Overview and Level Annotations

Branches:
Dungeon (2/15)

Altars:


Innate Abilities, Weirdness & Mutations

You cannot be hasted, slowed, berserked, paralysed or teleported.
You can dig through walls and to a lower floor.
Your four strong arms can wield two-handed weapons with a shield.
You have a pair of large antennae on your head. (SInv)


Message History

You kill the ooze!
Lugonu accepts your kill.
You feel sick.
The orc wizard points at you and mumbles some strange words.
The puff of frost hits you!
* * * LOW HITPOINT WARNING * * *
Unknown command.
You barely miss the orc wizard.
* * * LOW HITPOINT WARNING * * *
You feel sick.
The orc wizard points at you and mumbles some strange words.
The puff of flame hits you!
* * * LOW HITPOINT WARNING * * *
Okay, then.
Okay, then.
You aren't carrying any potions.
You aren't carrying any potions.
Okay, then.
You hit the orc wizard but do no damage.
You die...

##### ##.###.....#
#.# ###.### ########
#.# ### #...)..# #.#
#.####.# #.# ##
#.####.##
#.########## .#
#...>...#
#.#........## .#
#####..###.o#
##.#.######... .##
#......###.@###....#
##...# ..##
#.###.......##.....#
#.##.# ...# #.#
##.####.###....#
#.##.# ...# #o# ##.#
#.####.#.# #.##.#
...# #J# #..#
#........# ##...#
..## #.# #..#
######.### ###.. ###
#{###..# ##'# ###
#......# ##...##
#{.....# ##.....##
###


You could see an orc wizard.

Vanquished Creatures
  An orc priest (D:2)
  An orc wizard (D:1)
  4 adders (D:2)
  2 oozes (D:2)
  A worm (D:2)
  A dart slug (D:1)
  3 leopard geckos
  4 orcs (D:2)
  6 bats
  3 giant cockroaches (D:2)
  4 goblins
  2 hobgoblins (D:1)
  3 jackals (D:2)
  4 kobolds (D:1)
  A quokka (D:2)
  2 frilled lizards (D:2)
  2 rats (D:1)
44 creatures vanquished.

Notes
Turn   | Place    | Note
-------+----------+-------------------------------------------
     0 | Abyss:1  | Adamkad1 the Formicid Abyssal Knight began the quest for
                  | the Orb.
     0 | Abyss:1  | Reached XP level 1. HP: 18/18 MP: 2/2
     0 | Abyss:1  | Found a corrupted altar of Lugonu.
    25 | D:1      | Escaped the Abyss
   215 | D:1      | Reached skill level 1 in Dodging
   220 | D:1      | Reached XP level 2. HP: 24/24 MP: 3/3
   506 | D:1      | Reached XP level 3. HP: 29/29 MP: 4/4
   593 | D:1      | Reached ** piety under Lugonu
  1139 | D:2      | Reached XP level 4. HP: 37/37 MP: 6/6
  1929 | D:2      | Reached skill level 4 in Fighting
  1929 | D:2      | Reached XP level 5. HP: 11/42 MP: 7/7
  2175 | D:2      | HP: 2/42 [orc wizard/puff of flame (7)]
  2176 | D:2      | Succumbed to an orc wizard's poison

Vault maps used:
D:1:      dpeg_arrival_houses_and_road, minmay_misc_feat_hallway,
          minmay_box_of_dots
D:2:      serial_glass, glass_columns_a, glass_columns_b

Skill      XL: |  1  2  3  4 |
---------------+-------------+-----
Dodging        | 1 |  1.6
Invocations    | 3 |  3.6
Armour         | 3 |  3.3
Fighting       | 4 |  4.2
Axes           | |  2.6

Action                   |  1- 3 |  4- 6 || total
-------------------------+-------+-------++-------
Melee: Hand axe          |    81 |    92 ||   173
Invok: Bend Space        |       |     1 ||     1
  Use: Potion            |       |     1 ||     1
  Eat: Chunk             |     1 |     3 ||     4
Armor: Chain mail        |    70 |    58 ||   128
Dodge: Dodged            |    41 |    37 ||    78

Table legend:
 A = Non-vault XP
 B = Vault XP
 C = Vault XP percentage of total XP
 D = Non-vault monster count
 E = Vault monster count
 F = Vault count percentage of total count
                 A         B        C        D         E       F
            +---------+---------+-------+---------+---------+-------
      Total |     202 |       2 |   1.0 |      43 |       1 |   2.3
            +---------+---------+-------+---------+---------+-------
        D:1 |      50 |       2 |   3.8 |      16 |       1 |   5.9
        D:2 |     152 |       0 |   0.0 |      27 |       0 |   0.0
            +---------+---------+-------+---------+---------+-------
